[Event "ICC tourney 2469 (30 10)"]
[Site "Internet Chess Club"]
[Date "2021.03.21"]
[Round "3"]
[White "Nagarajan, Ramesh:rnagaraj"]
[Black "SIAMWALLA, ALVIN:cappyal"]
[Result "1-0"]
[ICCResult "Black checkmated"]
[WhiteElo "1472"]
[BlackElo "836"]
[Opening "King's gambit"]
[ECO "C30"]
[NIC "KG.05"]
[Time "15:03:11"]
[PlyCount "61"]
[TimeControl "1800+10"]

1. e4 e5 2. f4 Nc6 3. Nf3 exf4 4. d4 Bb4+ 5. Nc3 d5 6. e5 f6 7. Bb5 Bd7 8.
Bxf4 fxe5 9. Nxe5 Nxe5 10. Bxe5 Bxc3+ 11. bxc3 Bxb5 12. Qh5+ g6 13. Qf3 Qe7
14. Kd2 Qg5+ 15. Bf4 Qf5 16. Be5 Qg5+ 17. Kd1 Bd7 18. h3 O-O-O 19. Bxh8 Qe7
20. Be5 Qg5 21. Rf1 Bb5 22. Rf2 Qh6 23. Rb1 Bc4 24. a4 Ba6 25. Qf7 Rd7 26.
Qxg8+ Rd8 27. Qf7 Rd7 28. Qe6 Bc4 29. g4 Kd8 30. Rxb7 a5 31. Rb8# { Black
checkmated } 1-0

[Event "ICC tourney 2469 (30 10)"]
[Site "Internet Chess Club"]
[Date "2021.03.21"]
[Round "3"]
[White "HSIAO, OLIVER:OliverHsiao"]
[Black "Peckham, Duncan:Duncanp123"]
[Result "1-0"]
[ICCResult "Black forfeits on time"]
[WhiteElo "1249"]
[BlackElo "1327"]
[Opening "Giuoco Piano"]
[ECO "C54"]
[NIC "IG.02"]
[Time "15:03:13"]
[PlyCount "63"]
[TimeControl "1800+10"]

1. e4 e5 2. Nf3 Nc6 3. Bc4 Bc5 4. c3 Nf6 5. d3 d6 6. Bg5 Na5 7. Qa4+ c6 8.
Bxf6 gxf6 9. Qd1 Nxc4 10. dxc4 Qb6 11. Qd2 a5 12. O-O Be6 13. b3 O-O-O 14.
Qb2 Rhg8 15. Qc2 Bh3 16. Ne1 Rg5 17. Kh1 Be6 18. a3 Qa7 19. Nd3 Bb6 20. Nd2
Rdg8 21. Ne1 R5g6 22. Ndf3 Bg4 23. Qe2 h5 24. b4 f5 25. exf5 Bxf5 26. Nh4
Bg4 27. f3 e4 28. Nxg6 Bxf3 29. gxf3 Rxg6 30. bxa5 Bxa5 31. Qxe4 Rg8 32.
Qf5+ { Black forfeits on time } 1-0

[Event "ICC tourney 2469 (30 10)"]
[Site "Internet Chess Club"]
[Date "2021.03.21"]
[Round "4"]
[White "Ramkumar, Nikhil:nikhilramkumar"]
[Black "BHOSALE, ARNAV:avbhosale"]
[Result "0-1"]
[ICCResult "White checkmated"]
[WhiteElo "569"]
[BlackElo "519"]
[Opening "Vienna game"]
[ECO "C27"]
[NIC "VG.02"]
[Time "17:02:03"]
[PlyCount "114"]
[TimeControl "1800+10"]

1. e4 e5 2. Nc3 Nf6 3. Bc4 Nxe4 4. Nxe4 d5 5. Bxd5 Qxd5 6. Nc3 Qxg2 7. Qf3
Qxf3 8. Nxf3 Nc6 9. d3 Bb4 10. Bd2 Bg4 11. Ng1 O-O 12. Nge2 Bxe2 13. Kxe2
Bxc3 14. Bxc3 Rae8 15. Rhg1 f6 16. Rg2 e4 17. Kd2 exd3 18. cxd3 Rf7 19.
Rag1 b5 20. Kc2 b4 21. Bd2 g6 22. h4 Re2 23. f3 Rxg2 24. Rxg2 Nd4+ 25. Kd1
Nxf3 26. Bxb4 Nxh4 27. Rh2 g5 28. Bc3 Kg7 29. Rh3 h5 30. Rg3 Kg6 31. Ke2 f5
32. Bd2 f4 33. Rg1 f3+ 34. Kf2 Rf5 35. Be1 Ng2 36. Bd2 Rd5 37. Kxf3 Rxd3+
38. Ke2 Rg3 39. Kf2 Rg4 40. Bc3 Nf4 41. Re1 Nd3+ 42. Ke3 Nxe1 43. Bxe1 Rg2
44. Bc3 Kf5 45. Kf3 Rg4 46. a3 Rf4+ 47. Kg3 h4+ 48. Kg2 Ke4 49. b4 g4 50.
Bf6 Rxf6 51. b5 Rf3 52. b6 cxb6 53. a4 h3+ 54. Kg1 g3 55. a5 b5 56. a6 Ke3
57. Kh1 Rf1# { White checkmated } 0-1

[Event "ICC tourney 2469 (30 10)"]
[Site "Internet Chess Club"]
[Date "2021.03.21"]
[Round "4"]
[White "Rubinstein, Samuel:samrubinstein"]
[Black "JING, ANDREW:andrewj508"]
[Result "1-0"]
[ICCResult "Black resigns"]
[WhiteElo "1449"]
[BlackElo "1312"]
[Opening "Queen's pawn game"]
[ECO "A45"]
[NIC "QP.07"]
[Time "17:02:03"]
[PlyCount "65"]
[TimeControl "1800+10"]

1. d4 Nf6 2. e3 e6 3. Bd3 d5 4. Nd2 c5 5. c3 Nc6 6. f4 Be7 7. Ngf3 a6 8.
O-O Qc7 9. Ne5 b6 10. Rf3 Bb7 11. Rh3 Nxe5 12. fxe5 Ne4 13. Qg4 Nxd2 14.
Bxd2 O-O-O 15. Rxh7 Rxh7 16. Bxh7 g6 17. Rf1 Bf8 18. Bxg6 fxg6 19. Qxe6+
Kb8 20. Qxg6 Ka7 21. Rf7 Be7 22. Be1 Rf8 23. Bh4 Rxf7 24. Qxf7 Bd8 25. e6
Bc6 26. Bxd8 Qb7 27. Qxb7+ Kxb7 28. h4 Kc8 29. e7 cxd4 30. exd4 b5 31. h5
Be8 32. h6 Bg6 33. h7 { Black resigns } 1-0

[Event "ICC tourney 2469 (30 10)"]
[Site "Internet Chess Club"]
[Date "2021.03.21"]
[Round "4"]
[White "NGUYEN, TRINH TRONG:JackNguyen"]
[Black "YANG, LUCAS:brawnykazoo"]
[Result "1-0"]
[ICCResult "Black resigns"]
[WhiteElo "1388"]
[BlackElo "1098"]
[Opening "QGD: 6.Nf3"]
[ECO "D55"]
[NIC "QP.08"]
[Time "17:01:59"]
[PlyCount "61"]
[TimeControl "1800+10"]

1. d4 d5 2. Nf3 Nf6 3. c4 e6 4. Bg5 Be7 5. Nc3 O-O 6. e3 b6 7. cxd5 exd5 8.
Bd3 Bb7 9. O-O Nbd7 10. Qc2 h6 11. Bxf6 Nxf6 12. Ne5 Nd7 13. Nxd7 Qxd7 14.
Rac1 c5 15. dxc5 bxc5 16. Bb5 Qc7 17. Rfd1 Rad8 18. Ba4 Bd6 19. h3 Be5 20.
Nb5 Qb8 21. Qxc5 Bxb2 22. Rb1 Rc8 23. Qxa7 Be5 24. Qxb8 Bxb8 25. Nd6 Bxd6
26. Rxb7 Ra8 27. Bb3 Rfd8 28. g3 Be5 29. Bxd5 Rxa2 30. Bxf7+ Kh7 31. Rxd8 {
Black resigns } 1-0

[Event "ICC tourney 2469 (30 10)"]
[Site "Internet Chess Club"]
[Date "2021.03.21"]
[Round "4"]
[White "Peckham, Duncan:Duncanp123"]
[Black "PARK, COLIN:collywog"]
[Result "1-0"]
[ICCResult "Black resigns"]
[WhiteElo "1327"]
[BlackElo "1131"]
[Opening "French: advance, Milner-Barry gambit"]
[ECO "C02"]
[NIC "FR.03"]
[Time "17:01:59"]
[PlyCount "47"]
[TimeControl "1800+10"]

1. e4 e6 2. d4 d5 3. e5 c5 4. c3 Nc6 5. Nf3 Qb6 6. Bd3 Bd7 7. dxc5 Bxc5 8.
O-O f6 9. b4 Be7 10. Re1 fxe5 11. Nxe5 Nxe5 12. Rxe5 Bf6 13. Qh5+ g6 14.
Bxg6+ hxg6 15. Qxg6+ Ke7 16. Bg5 Qd6 17. Bxf6+ Nxf6 18. Qg7+ Kd8 19. Qxh8+
Ke7 20. Qg7+ Ke8 21. Qxf6 Rc8 22. Nd2 Bc6 23. Rae1 Kd7 24. Rxe6 { Black
resigns } 1-0

[Event "ICC tourney 2469 (30 10)"]
[Site "Internet Chess Club"]
[Date "2021.03.21"]
[Round "4"]
[White "ABEND, JAMES LUKE:DoritoFarmer"]
[Black "Nagarajan, Ramesh:rnagaraj"]
[Result "0-1"]
[ICCResult "White checkmated"]
[WhiteElo "127"]
[BlackElo "1472"]
[Opening "Ruy Lopez: old Steinitz defense"]
[ECO "C62"]
[NIC "RL.02"]
[Time "17:02:20"]
[PlyCount "78"]
[TimeControl "1800+10"]

1. e4 e5 2. Nf3 Nc6 3. Bb5 d6 4. d4 exd4 5. Nxd4 Bd7 6. Nc3 Be7 7. Nf3 Nf6
8. Bg5 h6 9. Be3 a6 10. Bc4 Bg4 11. h3 Bh5 12. O-O Ne5 13. Nxe5 Bxd1 14.
Raxd1 O-O 15. Bd5 Nxd5 16. Rxd5 c6 17. Rd4 Bf6 18. Bf4 Qc7 19. Nc4 Bxd4 20.
Ne2 Be5 21. Rd1 b5 22. Ne3 Rad8 23. b3 a5 24. c4 a4 25. cxb5 cxb5 26. Rc1
Qb7 27. bxa4 bxa4 28. Nf5 Qb2 29. Kf1 Bxf4 30. Nfd4 Bxc1 31. Kg1 Rfe8 32.
f3 d5 33. exd5 Be3+ 34. Kh2 Bxd4 35. Nxd4 Qxd4 36. g4 Re2+ 37. Kg3 g5 38.
h4 Qe5+ 39. Kh3 Rh2# { White checkmated } 0-1

[Event "ICC tourney 2469 (30 10)"]
[Site "Internet Chess Club"]
[Date "2021.03.21"]
[Round "4"]
[White "REMPE, LENNIK:Kokosnuss1000"]
[Black "DEL TORA, MIGUEL:mdeltoro11"]
[Result "1-0"]
[ICCResult "Black checkmated"]
[WhiteElo "1450"]
[BlackElo "991"]
[Opening "Three knights game"]
[ECO "C46"]
[NIC "KP.06"]
[Time "17:01:58"]
[PlyCount "55"]
[TimeControl "1800+10"]

1. e4 e5 2. Nf3 Nc6 3. Nc3 d6 4. d4 exd4 5. Nxd4 Nxd4 6. Qxd4 Nf6 7. Bc4 g6
8. O-O Bg7 9. Re1 O-O 10. Bg5 c5 11. Qd3 a6 12. Nd5 b5 13. Nxf6+ Bxf6 14.
Bxf6 Qxf6 15. Bd5 Ra7 16. Re3 c4 17. Qd2 Qg5 18. Qd4 Re7 19. Rg3 Qe5 20.
Qe3 Qxb2 21. Rf1 Qxc2 22. Qh6 Qb2 23. f4 Qd4+ 24. Kh1 c3 25. f5 Bxf5 26.
exf5 Qxd5 27. f6 Re1 28. Qg7# { Black checkmated } 1-0

[Event "ICC tourney 2469 (30 10)"]
[Site "Internet Chess Club"]
[Date "2021.03.21"]
[Round "4"]
[White "HUA, OLIVER:oxdidi"]
[Black "DHURJATI, ANAGHA:amdink"]
[Result "0-1"]
[ICCResult "White resigns"]
[WhiteElo "993"]
[BlackElo "1264"]
[Opening "Giuoco Piano"]
[ECO "C54"]
[NIC "IG.02"]
[Time "17:02:09"]
[PlyCount "82"]
[TimeControl "1800+10"]

1. e4 e5 2. Nf3 Nc6 3. Bc4 Bc5 4. c3 Nf6 5. d3 h6 6. Nbd2 O-O 7. O-O d6 8.
h3 a6 9. Re1 Nh5 10. Nf1 b5 11. Bd5 Bd7 12. Nxe5 dxe5 13. Qxh5 Qf6 14. Be3
Bxe3 15. Nxe3 Rab8 16. Bxc6 Bxc6 17. Nd5 Qd6 18. Rad1 Bxd5 19. exd5 Qxd5
20. Qxe5 Qxa2 21. Re3 Rbe8 22. Qxc7 Rxe3 23. fxe3 Qxb2 24. Qg3 Qxc3 25. e4
b4 26. Rf1 b3 27. Qd6 a5 28. Qa3 Qxd3 29. Qxa5 Rb8 30. Qa7 Rb5 31. Qxf7+
Kh7 32. Rf3 Qxf3 33. Qxf3 b2 34. e5 b1=Q+ 35. Kh2 Rxe5 36. h4 Qe4 37. Qg3
Rh5 38. Kh3 Qf5+ 39. Kh2 Qe5 40. Qxe5 Rxe5 41. g4 Re3 { White resigns } 0-1

[Event "ICC tourney 2469 (30 10)"]
[Site "Internet Chess Club"]
[Date "2021.03.21"]
[Round "4"]
[White "BENDRE, KAVIN ANUP:kbendre"]
[Black "PALCHEVSKIY, ANDREW:alexbelaya"]
[Result "1/2-1/2"]
[ICCResult "White stalemated"]
[WhiteElo "1312"]
[BlackElo "1130"]
[Opening "Vienna gambit"]
[ECO "C29"]
[NIC "VG.04"]
[Time "17:01:54"]
[PlyCount "130"]
[TimeControl "1800+10"]

1. e4 e5 2. Nc3 Nf6 3. f4 Nc6 4. Nf3 exf4 5. e5 Ng4 6. d4 d6 7. Bxf4 dxe5
8. Nxe5 Ngxe5 9. dxe5 Bf5 10. Bd3 Be6 11. Qd2 Qd4 12. Qe3 Qxe3+ 13. Bxe3
Nxe5 14. Be4 c6 15. O-O-O Be7 16. Bd4 Bf6 17. Kb1 O-O 18. Rhe1 Rad8 19.
Bxh7+ Kxh7 20. Bxe5 Bxe5 21. Rxd8 Rxd8 22. Rxe5 b5 23. b3 Kg6 24. Rc5 Bd7
25. Ne4 Re8 26. Ng3 Re1+ 27. Kb2 Rg1 28. Rc3 Rxg2 29. Rd3 Be6 30. h4 a5 31.
h5+ Kg5 32. Ne4+ Kxh5 33. Rd6 Bd5 34. Nc3 Bf3 35. Rd7 f5 36. Ra7 g5 37.
Rh7+ Kg4 38. Rg7 Kf4 39. Rh7 g4 40. a4 bxa4 41. Nxa4 g3 42. Nc5 Rg1 43.
Nd3+ Ke3 44. Rh3 g2 45. Kc3 Rf1 46. Rh7 g1=Q 47. Re7+ Be4 48. Nc5 Kf3 49.
Rxe4 fxe4 50. Ne6 Qe3+ 51. Kb2 Qc1+ 52. Kc3 Qa1+ 53. Kc4 Qb2 54. Nd4+ Ke3
55. Nxc6 Qxc2+ 56. Kb5 Qxb3+ 57. Kc5 Rd1 58. Nxa5 Qc3+ 59. Nc4+ Kf4 60. Kb5
Rd5+ 61. Ka4 Qxc4+ 62. Ka3 Rd3+ 63. Kb2 e3 64. Kb1 e2 65. Kb2 e1=Q { White
stalemated } 1/2-1/2

[Event "ICC tourney 2469 (30 10)"]
[Site "Internet Chess Club"]
[Date "2021.03.21"]
[Round "4"]
[White "McQuillin, Danil Alsandair:DanilMcQuillin"]
[Black "HARVEY, JAMES Slade:JamesS"]
[Result "1-0"]
[ICCResult "Black checkmated"]
[WhiteElo "1193"]
[BlackElo "1406"]
[Opening "King's Indian: Makagonov system (5.h3)"]
[ECO "E71"]
[NIC "KI.31"]
[Time "17:01:54"]
[PlyCount "61"]
[TimeControl "1800+10"]

1. c4 Nf6 2. Nc3 g6 3. e4 d6 4. d4 Bg7 5. h3 Nbd7 6. Be3 a6 7. Qd2 b6 8. g4
Bb7 9. Bd3 O-O 10. Nge2 Re8 11. O-O-O e5 12. d5 Nc5 13. Bc2 Re7 14. f3 Ne8
15. h4 c6 16. h5 cxd5 17. exd5 Nc7 18. hxg6 b5 19. gxf7+ Rxf7 20. Bxh7+ Kf8
21. Bg6 Rxf3 22. Rdf1 Qf6 23. Ng3 Qxg6 24. Rxf3+ Ke8 25. Nf5 e4 26. Bxc5
dxc5 27. Nxe4 Rd8 28. Nxg7+ Qxg7 29. Nf6+ Ke7 30. Re1+ Kd6 31. Qf4# { Black
checkmated } 1-0

[Event "ICC tourney 2469 (30 10)"]
[Site "Internet Chess Club"]
[Date "2021.03.21"]
[Round "4"]
[White "MURUGAN AYYAPPAN, ADHIRAIYAN:adma2028"]
[Black "WU, EVERETT:EW2006"]
[Result "0-1"]
[ICCResult "White checkmated"]
[WhiteElo "1416"]
[BlackElo "1376"]
[Opening "Queen's bishop game"]
[ECO "D00"]
[NIC "QP.08"]
[Time "17:01:54"]
[PlyCount "140"]
[TimeControl "1800+10"]

1. d4 d5 2. Bf4 Nf6 3. Nf3 e6 4. e3 Bd6 5. Bg3 O-O 6. Ne5 b6 7. Nd2 Bxe5 8.
Bxe5 Nbd7 9. Nf3 Nxe5 10. Nxe5 Nd7 11. Nc6 Qe8 12. Bb5 a6 13. Ba4 b5 14.
Bb3 Nb6 15. Ne5 Nc4 16. Bxc4 bxc4 17. h4 c6 18. h5 f6 19. Nf3 e5 20. dxe5
fxe5 21. h6 g6 22. Nd2 Qf7 23. f3 Rb8 24. b3 c3 25. Nb1 e4 26. f4 Qf6 27.
g3 Be6 28. Qd4 Qxd4 29. exd4 Rb4 30. Nxc3 Rxd4 31. a3 e3 32. Ke2 Rd2+ 33.
Kxe3 Rxc2 34. Rac1 Rxc1 35. Rxc1 c5 36. Na4 d4+ 37. Kd3 Bxb3 38. Nxc5 Ba2
39. Nxa6 g5 40. Rg1 Kf7 41. fxg5 Ra8 42. Rf1+ Kg6 43. Rf6+ Kxg5 44. Rb6 Rc8
45. Kxd4 Rc4+ 46. Ke5 Rc3 47. a4 Rxg3 48. Kd4 Rg4+ 49. Kc3 Rxa4 50. Nb4 Bf7
51. Rb7 Bg6 52. Rb6 Kxh6 53. Ra6 Rxa6 54. Nxa6 Kg5 55. Nc5 h5 56. Kd2 Kf4
57. Ne6+ Kf3 58. Ke1 Bd3 59. Ng5+ Kg4 60. Ne6 Kg3 61. Nc5 Bf5 62. Kf1 h4
63. Kg1 h3 64. Kf1 h2 65. Ke2 h1=Q 66. Nb3 Qf3+ 67. Kd2 Qxb3 68. Ke2 Qd3+
69. Ke1 Qc2 70. Kf1 Qf2# { White checkmated } 0-1

[Event "ICC tourney 2469 (30 10)"]
[Site "Internet Chess Club"]
[Date "2021.03.21"]
[Round "4"]
[White "SIAMWALLA, ALVIN:cappyal"]
[Black "LIU, TYLER:Tiger2010"]
[Result "0-1"]
[ICCResult "White checkmated"]
[WhiteElo "836"]
[BlackElo "746"]
[Opening "Four knights: Italian variation"]
[ECO "C47"]
[NIC "KP.06"]
[Time "17:01:56"]
[PlyCount "76"]
[TimeControl "1800+10"]

1. e4 e5 2. Nf3 Nc6 3. Nc3 Nf6 4. Bc4 h6 5. d4 exd4 6. Nxd4 Bc5 7. Nxc6
bxc6 8. h3 O-O 9. O-O d6 10. Bf4 Be6 11. Bxe6 fxe6 12. e5 Nh5 13. Qxh5 Rxf4
14. exd6 Qxd6 15. Rad1 Qf8 16. Qe2 Re8 17. Ne4 Bb6 18. Rde1 Ba5 19. Rd1 Qf5
20. Ng3 Qg5 21. Qa6 Bb6 22. Qb7 Bxf2+ 23. Rxf2 Qxg3 24. Rxf4 Qxf4 25. Qxc6
Rf8 26. Qxe6+ Kh8 27. Qe2 Qa4 28. Qe7 Qf4 29. Qe2 Qa4 30. a3 Re8 31. Qf2 c5
32. Qxc5 Kh7 33. Qf5+ Kh8 34. Rd7 Qa6 35. Qf7 Qb6+ 36. Kh2 Qb8+ 37. Kh1
Re1+ 38. Qf1 Rxf1# { White checkmated } 0-1

[Event "ICC tourney 2469 (30 10)"]
[Site "Internet Chess Club"]
[Date "2021.03.21"]
[Round "4"]
[White "JACOBS, STEVE:Steviejay"]
[Black "GUO, RYAN:SMILERG"]
[Result "1-0"]
[ICCResult "Black resigns"]
[WhiteElo "1429"]
[BlackElo "1282"]
[Opening "King's Indian: Torre attack"]
[ECO "A48"]
[NIC "QP.01"]
[Time "17:02:02"]
[PlyCount "69"]
[TimeControl "1800+10"]

1. d4 Nf6 2. Nf3 g6 3. Bg5 Bg7 4. Nbd2 O-O 5. e4 d6 6. Be2 Nbd7 7. O-O e5
8. c3 h6 9. Bh4 b6 10. Qc2 Bb7 11. Rad1 Qe7 12. Rfe1 g5 13. Bg3 exd4 14.
cxd4 Nxe4 15. Qxc7 Bd5 16. Bb5 Rfd8 17. Nxe4 Bxe4 18. Qxd6 Qxd6 19. Bxd6
Bxf3 20. gxf3 Nf6 21. Be5 Nh5 22. Bxg7 Nxg7 23. Re7 Nf5 24. Re4 Nh4 25. Be2
Re8 26. d5 g4 27. Rxg4+ Kh7 28. Bd3+ Ng6 29. f4 Rad8 30. Bxg6+ fxg6 31. d6
Re6 32. Kf1 Rdxd6 33. Rxd6 Rxd6 34. Ke2 Re6+ 35. Kf1 { Black resigns } 1-0

[Event "ICC tourney 2469 (30 10)"]
[Site "Internet Chess Club"]
[Date "2021.03.21"]
[Round "4"]
[White "CAI, ALAN ZHUOCHENG:flying-ninja"]
[Black "HU, ANGELA:AngelaIL203"]
[Result "1-0"]
[ICCResult "Black resigns"]
[WhiteElo "1260"]
[BlackElo "1228"]
[Opening "Ruy Lopez: Berlin defense, 4.O-O, d6"]
[ECO "C66"]
[NIC "RL.02"]
[Time "17:01:56"]
[PlyCount "79"]
[TimeControl "1800+10"]

1. e4 e5 2. Nf3 Nc6 3. Bb5 d6 4. O-O Nf6 5. Re1 Bd7 6. h3 Be7 7. c3 a6 8.
Ba4 b5 9. Bb3 O-O 10. d4 h6 11. dxe5 dxe5 12. Bd5 Rb8 13. Nbd2 Bd6 14. b3
Qe7 15. b4 Rb6 16. a3 Be6 17. c4 Bxd5 18. exd5 bxc4 19. Nxc4 Rbb8 20. dxc6
Rfd8 21. Qc2 Nd5 22. Ncxe5 Bxe5 23. Nxe5 f6 24. Nf3 Qd6 25. Bb2 Nb6 26.
Rad1 Qf8 27. Nd4 Qf7 28. Nf5 Rxd1 29. Rxd1 Re8 30. Rd3 Nc4 31. Rg3 Kf8 32.
Nxg7 Re1+ 33. Kh2 Nd6 34. Nf5 Nxf5 35. Qxf5 Re8 36. Rg6 Qe7 37. Rxf6+ Kg8
38. Rg6+ Kh7 39. Rg7+ Kh8 40. Rxe7+ { Black resigns } 1-0

[Event "ICC tourney 2469 (30 10)"]
[Site "Internet Chess Club"]
[Date "2021.03.21"]
[Round "4"]
[White "Kanapuram, Pranav:PKDEEZYEEZY"]
[Black "HSIAO, OLIVER:OliverHsiao"]
[Result "0-1"]
[ICCResult "White checkmated"]
[WhiteElo "1353"]
[BlackElo "1249"]
[Opening "QGD Slav defense: exchange variation"]
[ECO "D10"]
[NIC "SL.01"]
[Time "17:02:00"]
[PlyCount "120"]
[TimeControl "1800+10"]

1. d4 d5 2. c4 c6 3. cxd5 cxd5 4. Nc3 Nf6 5. Bf4 a6 6. h3 Nc6 7. Nf3 Bf5 8.
e3 e6 9. Bd3 Bxd3 10. Qxd3 Bb4 11. O-O h6 12. a3 Bd6 13. Bxd6 Qxd6 14. Rac1
O-O 15. Rc2 Na5 16. Nd2 Rac8 17. Rfc1 Nc4 18. Nxc4 dxc4 19. Qe2 b5 20. Na2
Nd7 21. a4 Nb6 22. axb5 axb5 23. b3 cxb3 24. Rxc8 Rxc8 25. Rxc8+ Nxc8 26.
Nc1 Qa3 27. Qd1 b2 28. Nb3 Nd6 29. Kf1 Qa2 30. Nd2 Nc4 31. Nb1 Na3 32. Nd2
b1=Q 33. Nxb1 Qxb1 34. Qxb1 Nxb1 35. Ke2 Kf8 36. Kd3 Ke7 37. Kc2 Na3+ 38.
Kb3 Nc4 39. Kb4 Nd6 40. Kc5 Ne4+ 41. Kxb5 Nxf2 42. Kc4 Kf6 43. d5 exd5+ 44.
Kxd5 Kf5 45. Kd4 g5 46. Kc3 Ke4 47. Kd2 g4 48. Ke2 Nxh3 49. gxh3 gxh3 50.
Kf2 f5 51. Kg3 Kxe3 52. Kxh3 f4 53. Kg2 f3+ 54. Kf1 f2 55. Kg2 Ke2 56. Kh3
f1=Q+ 57. Kh4 Qg2 58. Kh5 Kf3 59. Kxh6 Kf4 60. Kh5 Qg5# { White checkmated
} 0-1

[Event "ICC tourney 2469 (30 10)"]
[Site "Internet Chess Club"]
[Date "2021.03.21"]
[Round "4"]
[White "XIE, CHARLES:charlestxie"]
[Black "SHEN, CHARLES:charlesshen"]
[Result "1-0"]
[ICCResult "Black checkmated"]
[WhiteElo "1421"]
[BlackElo "1058"]
[Opening "Queen's pawn: Charlick (Englund) gambit"]
[ECO "A40"]
[NIC "QO.17"]
[Time "17:02:25"]
[PlyCount "63"]
[TimeControl "1800+10"]

1. d4 e5 2. dxe5 Nc6 3. Nf3 Qe7 4. Bf4 Qb4+ 5. Bd2 Qxb2 6. Nc3 Bb4 7. Rb1
Qxc3 8. Bxc3 Bxc3+ 9. Nd2 Nxe5 10. e3 Nf6 11. f3 b6 12. Kf2 Bb7 13. Nc4
O-O-O 14. Nxe5 Bxe5 15. Bd3 Nd5 16. Rb3 Rhe8 17. Be4 Nc3 18. Bxb7+ Kxb7 19.
Qd3 Nxa2 20. Rhb1 d5 21. Ra3 d4 22. Qa6+ Kc6 23. Qa4+ Kb7 24. Qxa7+ Kc6 25.
Qa4+ Kb7 26. Qa6+ Kc6 27. Qc4+ Kb7 28. e4 Nc3 29. Rba1 Re7 30. Ra7+ Kc8 31.
Qc6 Rd6 32. Ra8# { Black checkmated } 1-0

[Event "ICC tourney 2469 (30 10)"]
[Site "Internet Chess Club"]
[Date "2021.03.21"]
[Round "5"]
[White "JING, ANDREW:andrewj508"]
[Black "BHOSALE, ARNAV:avbhosale"]
[Result "0-1"]
[ICCResult "White checkmated"]
[WhiteElo "1312"]
[BlackElo "519"]
[Opening "King's pawn game"]
[ECO "C50"]
[NIC "IG.03"]
[Time "19:01:37"]
[PlyCount "38"]
[TimeControl "1800+10"]

1. e4 e5 2. Nf3 Nc6 3. Bc4 Nd4 4. Nxd4 exd4 5. c3 dxc3 6. Nxc3 Ne7 7. Qf3
f6 8. e5 Nc6 9. exf6 Qxf6 10. Qh5+ Qg6 11. Qd5 Nb4 12. Qf3 Nc2+ 13. Kd1
Nxa1 14. Re1+ Be7 15. b3 Nc2 16. Nd5 Nd4 17. Rxe7+ Kd8 18. Qf4 Qc2+ 19. Ke1
Qxc1# { White checkmated } 0-1

[Event "ICC tourney 2469 (30 10)"]
[Site "Internet Chess Club"]
[Date "2021.03.21"]
[Round "5"]
[White "GUO, RYAN:SMILERG"]
[Black "DHURJATI, ANAGHA:amdink"]
[Result "0-1"]
[ICCResult "White resigns"]
[WhiteElo "1282"]
[BlackElo "1264"]
[Opening "King's Indian: London system"]
[ECO "A48"]
[NIC "QP.06"]
[Time "19:01:35"]
[PlyCount "28"]
[TimeControl "1800+10"]

1. d4 Nf6 2. Nf3 g6 3. Bf4 d6 4. e3 Bg7 5. Bd3 O-O 6. O-O Nc6 7. c3 Bg4 8.
h3 Bxf3 9. Qxf3 e5 10. Bg3 Re8 11. Nd2 d5 12. dxe5 Nxe5 13. e4 dxe4 14.
Nxe4 Nxf3+ { White resigns } 0-1

[Event "ICC tourney 2469 (30 10)"]
[Site "Internet Chess Club"]
[Date "2021.03.21"]
[Round "5"]
[White "ABEND, JAMES LUKE:DoritoFarmer"]
[Black "BENDRE, KAVIN ANUP:kbendre"]
[Result "0-1"]
[ICCResult "White checkmated"]
[WhiteElo "127"]
[BlackElo "1312"]
[Opening "Sicilian: Najdorf"]
[ECO "B90"]
[NIC "SI.14"]
[Time "19:01:37"]
[PlyCount "92"]
[TimeControl "1800+10"]

1. e4 c5 2. Nf3 d6 3. d4 cxd4 4. Nxd4 Nf6 5. Nc3 a6 6. Nf3 Qc7 7. Bg5 Nbd7
8. Bc4 b5 9. Bd3 Bb7 10. Qe2 e6 11. O-O Be7 12. Bf4 O-O 13. e5 Bxf3 14.
Qxf3 dxe5 15. Bxe5 Qxe5 16. Rfe1 Qc7 17. Be4 Nxe4 18. Rxe4 Nf6 19. Re2 Rac8
20. Rd1 b4 21. Ne4 Nxe4 22. Qxe4 Rfd8 23. Red2 Rxd2 24. Rxd2 Rd8 25. Rxd8+
Qxd8 26. Qc4 Bf6 27. h3 Qd1+ 28. Kh2 h6 29. Qc8+ Kh7 30. Qxa6 Qxc2 31. a3
Be5+ 32. Kg1 Qd1+ 33. Qf1 Bh2+ 34. Kxh2 Qxf1 35. axb4 Qxf2 36. b5 Qxb2 37.
h4 Qxb5 38. g4 Kg6 39. h5+ Kg5 40. Kh3 Qd3+ 41. Kg2 Kxg4 42. Kf2 Qa3 43.
Ke2 Kf4 44. Kf2 Qa2+ 45. Kg1 Kf3 46. Kh1 Qg2# { White checkmated } 0-1

[Event "ICC tourney 2469 (30 10)"]
[Site "Internet Chess Club"]
[Date "2021.03.21"]
[Round "5"]
[White "YANG, LUCAS:brawnykazoo"]
[Black "SHEN, CHARLES:charlesshen"]
[Result "1-0"]
[ICCResult "Black checkmated"]
[WhiteElo "1098"]
[BlackElo "1058"]
[Opening "Four knights: Scotch, 4...exd4"]
[ECO "C47"]
[NIC "SO.03"]
[Time "19:01:32"]
[PlyCount "71"]
[TimeControl "1800+10"]

1. e4 e5 2. Nf3 Nc6 3. Nc3 Nf6 4. d4 exd4 5. Nxd4 Bb4 6. Nxc6 bxc6 7. Bd3
d5 8. exd5 cxd5 9. O-O O-O 10. Bg5 Be7 11. Qf3 Be6 12. Nb5 c6 13. Nd4 Qb6
14. Nxe6 fxe6 15. Qh3 h6 16. Qxe6+ Rf7 17. Bg6 hxg5 18. Qxf7+ Kh8 19. Qxe7
Qxb2 20. Qe6 Qc3 21. Qh3+ Qxh3 22. gxh3 Rb8 23. Rab1 Rd8 24. Kg2 Nd7 25.
Rfe1 Nb6 26. Re2 Nc4 27. Rbe1 Nd6 28. Re6 Ne4 29. f3 Nf6 30. Bf7 c5 31.
R1e5 Rb8 32. Rxg5 Rb2 33. Bg6 Rxa2 34. Rge5 Rb2 35. Re8+ Ng8 36. Rh5# {
Black checkmated } 1-0

[Event "ICC tourney 2469 (30 10)"]
[Site "Internet Chess Club"]
[Date "2021.03.21"]
[Round "5"]
[White "PARK, COLIN:collywog"]
[Black "REMPE, LENNIK:Kokosnuss1000"]
[Result "0-1"]
[ICCResult "White checkmated"]
[WhiteElo "1131"]
[BlackElo "1450"]
[Opening "Vienna gambit"]
[ECO "C29"]
[NIC "VG.04"]
[Time "19:01:27"]
[PlyCount "128"]
[TimeControl "1800+10"]

1. e4 e5 2. Nc3 Nf6 3. f4 d6 4. d4 Nc6 5. dxe5 dxe5 6. Qxd8+ Kxd8 7. Nf3
Bb4 8. fxe5 Nxe4 9. Bd2 Nxd2 10. O-O-O Ke7 11. Nd5+ Kf8 12. Nxb4 Nxb4 13.
Rxd2 g6 14. Kb1 Kg7 15. Bc4 Bg4 16. h3 Bxf3 17. gxf3 Rhd8 18. Rhd1 Nc6 19.
Rd7 Rxd7 20. Rxd7 Rd8 21. Rxd8 Nxd8 22. c3 f6 23. exf6+ Kxf6 24. Kc2 h5 25.
Kd2 Kf5 26. Ke3 g5 27. Bd3+ Ke5 28. Bg6 h4 29. Be4 Ne6 30. Bxb7 Nf4 31. Bc8
Nd5+ 32. Kd3 Kf4 33. Bg4 Nf6 34. Ke2 Nxg4 35. hxg4 Kg3 36. Kf1 Kxf3 37. b4
Ke4 38. a4 Kd3 39. b5 Kxc3 40. a5 Kd3 41. Kf2 Ke4 42. Kg2 Kf4 43. Kh3 Kf3
44. Kh2 Kxg4 45. Kg2 Kf4 46. Kf2 h3 47. Kg1 Kg3 48. Kh1 g4 49. Kg1 Kf3 50.
b6 cxb6 51. axb6 axb6 52. Kh2 b5 53. Kg1 b4 54. Kh1 b3 55. Kg1 b2 56. Kh2
g3+ 57. Kxh3 b1=Q 58. Kh4 g2 59. Kg5 g1=Q+ 60. Kf6 Qg4 61. Ke5 Qe1+ 62. Kf6
Qf4+ 63. Kg6 Qg1+ 64. Kh5 Qfh2# { White checkmated } 0-1

[Event "ICC tourney 2469 (30 10)"]
[Site "Internet Chess Club"]
[Date "2021.03.21"]
[Round "5"]
[White "HU, ANGELA:AngelaIL203"]
[Black "McQuillin, Danil Alsandair:DanilMcQuillin"]
[Result "0-1"]
[ICCResult "White checkmated"]
[WhiteElo "1228"]
[BlackElo "1193"]
[Opening "Four knights: Italian variation"]
[ECO "C55"]
[NIC "IG.01"]
[Time "19:01:30"]
[PlyCount "36"]
[TimeControl "1800+10"]

1. e4 e5 2. Nf3 Nc6 3. Bc4 Nf6 4. Nc3 Nxe4 5. Nxe4 d5 6. Bxd5 Qxd5 7. Nc3
Qd6 8. d3 g6 9. Be3 Bg7 10. O-O O-O 11. Qd2 Bg4 12. Ne4 Qd5 13. Bh6 Bxf3
14. gxf3 Nd4 15. Kg2 f5 16. Ng3 Nxf3 17. Qe3 Ne1+ 18. Kg1 Qg2# { White
checkmated } 0-1